cohdb
Replays
Latest Replays
All Replays
Popular Replays
Top Player Replays
Match Explorer
How It Works
Community
CoH3 Stats
Reddit
Sign in to upload your games and track your stats! →
Sign in with Steam
Match 41528688
Unlisted
Match 41528688
Overview
Messages
Build Orders
End
Kradschützen Motorcycle Team
Selects Battlefield Espionage Battlegroup
Panzergrenadier Squad
Panzergrenadier Squad
Panzergrenadier Squad
Construct Light Support Kompanie
Selects Intel Disruption Beacon
Panzergrenadier Squad
Construct Mechanized Kompanie
8 Rad Armored Car
Selects Transfer Depots
Fire Support Elements
2.5-tonne Medical Truck
Selects Transfer Depots
Selects 250/3 Funkpanzerwagen
Selects Anti-Tank Incendiary Munitions
Pak 38 Anti-tank Gun Team
Construct Panzerarmee Kommand
Selects Firestorm
Panzergrenadier Squad
Walking Stuka Rocket Launcher
Selects Operation Skorpion
Firestorm
Assault Mechanized Group
MZMZ
jerjawe
Jean Pistre
Loutre Fourbe
0
0
Comments
sign in to comment!
No comments posted yet!